 Dungeon Crawl Stone Soup version 0.32-a0-791-gfc315c9ecd (webtiles) character file.

Game seed: 12097520752359288028

130 miscthings the Apothecary (level 5, -3/35 HPs)
             Began as a Coglin Alchemist on Mar 20, 2024.
             Slain by Duvessa
             ... wielding a +2 rapier of protection
              (13 damage)
             ... on level 5 of the Dungeon.
             The game lasted 00:05:35 (2221 turns).

miscthings the Apothecary (Coglin Alchemist)        Turns: 2221, Time: 00:05:35

Health: -3/35      AC:  3    Str:  8    XL:     5   Next: 13%
Magic:  0/8        EV: 11    Int: 17    God:
Gold:   26         SH:  0    Dex: 14    Spells: 5/9 levels left

rFire   . . .        c - +0 sling (flame) {Rabni}
rCold   . . .        h - +0 sling {Senakhtenre}
rNeg    . . .        a - +0 robe
rPois   .            (no helmet)
rElec   .            j - +0 cloak
rCorr   .            (no gloves)
SInv    .            (no boots)
Will    .....        (amulet unavailable)
Stlth   ++           (ring unavailable)
HPRegen 0.25/turn    (ring unavailable)
MPRegen 0.11/turn    (no gizmo)

%: no passive effects
@: revving
A: off-hand wielding, slow wielding, warmup strikes, no jewellery
a: Invent Gizmo


You were on level 5 of the Dungeon.
You visited 1 branch of the dungeon, and saw 5 of its levels.

You collected 138 gold pieces.
You spent 112 gold pieces at shops.

Inventory:

Hand Weapons
 c - a +0 sling of flaming (weapon) {Rabni}
 h - a +0 sling (offhand) {Senakhtenre}
Missiles
 q - 2 throwing nets
Armour
 a - a +0 robe (worn)
 j - a +0 cloak (worn)
 k - a +0 leather armour
 u - the +5 ring mail of Zin's Reproof {rPois rN+ Will++ MP-9}
   (You found it on level 3 of the Dungeon)

   rPois:     It protects you from poison.
   rN+:       It protects you from negative energy.
   Will++:    It greatly increases your willpower.
   MP-9:      It affects your magic capacity (-9).
Scrolls
 l - a scroll of amnesia
 s - a scroll of teleportation
Potions
 b - 2 potions of magic
 f - a potion of lignification
 n - a potion of resistance


   Skills:
 - Level 1.7 Dodging
 - Level 1.5 Stealth
 + Level 2.6 Spellcasting
 + Level 2.1 Conjurations
 * Level 5.0 Alchemy


You had 5 spell levels left.
You knew the following spells:

 Your Spells              Type           Power      Damage    Failure   Level
a - Sting                 Conj/Alch      56%        1d6       4%          1
b - Mephitic Cloud        Conj/Alch/Air  10%        N/A       21%         3

Your spell library contained the following spells:

 Spells                   Type           Power      Damage    Failure   Level
 Mercury Vapours          Alch/Air       20%        N/A       10%         2
 Apportation              Tloc           4%         N/A       19%         1
 Necrotise                Necr           8%         1d4       19%         1
 Summon Small Mammal      Summ           8%         N/A       19%         1
 Momentum Strike          Conj/Tloc      10%        3d8       19%         2
 Olgreb's Toxic Radiance  Alch           19%        N/A       22%         4
 Blink                    Tloc           4%         N/A       28%         2
 Lesser Beckoning         Tloc           4%         N/A       28%         2
 Sticky Flame             Fire/Alch      10%        2d5       54%         4


Dungeon Overview and Level Annotations

Branches:
Dungeon (5/15)
 Temple: D:4-7

Altars:

Shops:
D:3 *[?([

Annotations:
D:4 1 runed translucent door, Skryme's ghost, amateur DsSh
D:5 Dowan; Duvessa


Innate Abilities, Weirdness & Mutations

You can wield a second weapon in your off-hand.
It takes a long time for you to wield or remove held weapons.
Your first few attacks do less damage.
You cannot equip rings or amulets.


Message History

Aim: Duvessa, wielding a +2 rapier of protection and wearing a +2 leather armour of fire resistance (heavily wounded, very poisoned, 75% to hit)
The sting hits Duvessa but does no damage.
Duvessa looks as sick as possible!
Duvessa is heavily wounded.
Duvessa barely misses you.
Your magical contamination has completely faded away.
You feel better. Duvessa barely misses you.
Okay, then.
Duvessa attacks as she pursues you!
Duvessa hits you with a +2 rapier of protection!
* * * LOW HITPOINT WARNING * * *
There is a stone staircase leading up here.
You feel better. Duvessa barely misses you.
Fire: c) +0 sling (flame) {Rabni}
Press: ? - help, Q - select action, (/) - cycle Shift-Dir - straight line, f/p - Duvessa
Aim: Duvessa, wielding a +2 rapier of protection and wearing a +2 leather armour of fire resistance (almost dead, very poisoned, 58% to hit)
You shoot a sling bullet.
The sling bullet hits Duvessa but does no damage.
Duvessa is almost dead.
You shoot a sling bullet. The sling bullet barely misses Duvessa.
Casting: Sting (safe; 4% risk of failure)
Confirm with . or Enter, or press ? or * to list all spells.
Aiming: Sting (safe; 4% risk of failure)
Press: ? - help, Shift-Dir - straight line, f/p - Duvessa
Aim: Duvessa, wielding a +2 rapier of protection and wearing a +2 leather armour of fire resistance (almost dead, very poisoned, 75% to hit)
The sting hits Duvessa.
Duvessa looks even sicker.
Duvessa is almost dead.
Duvessa closely misses you.
Fire: c) +0 sling (flame) {Rabni}
Press: ? - help, Q - select action, (/) - cycle Shift-Dir - straight line, f/p - Duvessa
Aim: Duvessa, wielding a +2 rapier of protection and wearing a +2 leather armour of fire resistance (almost dead, very poisoned, 58% to hit)
You shoot a sling bullet. The sling bullet barely misses Duvessa.
You shoot a sling bullet.
The sling bullet closely misses Duvessa.
Duvessa says, "Where magic fails, the sword succeeds!"
Duvessa hits you with a +2 rapier of protection.
* * * LOW HITPOINT WARNING * * *
Duvessa hits you with a +2 rapier of protection!
You die...

#........#
#........#
#........#
########e..#
#.....##...#
##.........#
#.....(...#
#.........#
#<...@e...#
#.........#
#.........#
#.........#
##.####...#
## ...# ...#
....


You could see Duvessa (very poisoned) and Dowan (wandering).

Vanquished Creatures
  A jelly (D:4)
  An orc wizard (D:3)
  An adder (D:3)
  A ribbon worm (D:2)
  4 dart slugs
  2 orcs (D:3)
  6 bats
  5 endoplasms
  3 giant cockroaches
  3 goblins
  7 hobgoblins
  4 kobolds
  4 quokkas
  A ball python (D:4)
  4 frilled lizards
  5 rats
52 creatures vanquished.

Notes
Turn   | Place    | Note
-------+----------+-------------------------------------------
     0 | D:1      | miscthings the Coglin Alchemist began the quest for the
                  | Orb.
     0 | D:1      | Reached XP level 1. HP: 13/13 MP: 3/3
    43 | D:1      | Reached skill level 1 in Conjurations
   122 | D:1      | Reached XP level 2. HP: 19/19 MP: 2/4
   624 | D:2      | Reached XP level 3. HP: 23/24 MP: 3/6
   678 | D:2      | Reached skill level 4 in Alchemy
  1197 | D:3      | Found Efalawahen's Antique Armour Shop.
  1285 | D:3      | Found Plog's Weapon Emporium.
  1304 | D:3      | Learned a level 3 spell: Mephitic Cloud
  1383 | D:3      | Reached XP level 4. HP: 30/30 MP: 5/7
  1653 | D:3      | Found Gelenut's Magic Scroll Boutique.
  1661 | D:3      | Bought a scroll of teleportation for 36 gold pieces
  1661 | D:3      | Bought a scroll of identify for 24 gold pieces
  1787 | D:3      | Found Eschoc's Assorted Antiques.
  1797 | D:3      | Bought 2 red potions for 52 gold pieces
  1797 | D:3      | Found Jocvonki's Antique Armour Boutique.
  1829 | D:3      | Identified the +5 ring mail of Zin's Reproof {rPois rN+
                  | Will++ MP-9}
  1875 | D:3      | Found a faded altar of an unknown god.
  1976 | D:4      | Found a runed translucent door.
  1977 | D:4      | Noticed Skryme's ghost (amateur DsSh)
  2015 | D:4      | Noticed an acid dragon
  2031 | D:4      | Reached XP level 5. HP: 20/35 MP: 8/8
  2035 | D:4      | Reached skill level 5 in Alchemy
  2118 | D:5      | Entered Level 5 of the Dungeon
  2197 | D:5      | Noticed Duvessa
  2197 | D:5      | Noticed Dowan
  2221 | D:5      | Slain by Duvessa

Illustrated notes

Levels and vault maps discovered:
D:1:      dpeg_arrival_long_road, layout_basic, reono_crystal_passage
D:2:      layout_loops_ring
D:3:      layout_loops_cross, basic_ecumenical_altar, serial_shops,
          nicolae_square_shop, nicolae_shop_statue_plus, shop,
          nicolae_lakefront_shop, shop, nrook_campfire
D:4:      layout_loops_corners, ebering_ghost_sewer_f, grunt_ministairs_1
D:5:      layout_gridville, gammafunk_temple_overflow_pools, serial_shops, shop,
          uniq_duvessa, uniq_edmund

Skill      XL: |  1  2  3  4  5 |
---------------+----------------+-----
Conjurations   | 1 2 |  2.1
Spellcasting   | 2 |  2.6
Alchemy        | 4 5 |  5.0
Dodging        | |  1.7
Stealth        | |  1.5

Action                     |  1- 3 |  4- 6 || total
---------------------------+-------+-------++-------
  Melee: Unarmed           |    19 |       ||    19
         Punch             |     1 |       ||     1
   Fire: Sling             |    75 |    62 ||   137
   Cast: Sting             |    37 |    13 ||    50
         Mephitic Cloud    |       |     2 ||     2
    Use: Scroll            |       |    12 ||    12
         Potion            |       |     2 ||     2
 Armour: Robe              |    17 |    16 ||    33
  Dodge: Dodged            |    25 |    12 ||    37

Table legend: (Time is in decaauts)
 A = Elapsed time spent in this place.
 B = Non-inter-level travel time spent in this place.
 C = Inter-level travel time spent in this place.
 D = Time resting spent in this place.
 E = Time spent auto-exploring this place.
 F = Levels seen in this place.
 G = Mean time per level.
                   A        B        C        D        E       F      G
               +--------+--------+--------+--------+--------+-----+--------+
         Total |   2252 |   2086 |    166 |    142 |   1470 |   5 |  450.4 |
       Dungeon |   2252 |   2086 |    166 |    142 |   1470 |   5 |  450.4 |
               +--------+--------+--------+--------+--------+-----+--------+

Top non-repeatable levels by time:
     D:3: 769 daAuts
     D:2: 659 daAuts
     D:1: 559 daAuts
     D:4: 159 daAuts
     D:5: 104 daAuts
